 Dungeon Crawl Stone Soup version 0.22-a0-422-g9628fc8 (webtiles) character file.

1097 Mgcat the Firebug (level 8, -1/41 HPs)
             Began as a Gargoyle Fire Elementalist on May 20, 2018.
             Slain by a wyvern zombie (9 damage)
             ... on level 6 of the Dungeon.
             The game lasted 00:12:24 (4514 turns).

Mgcat the Firebug (Gargoyle Fire Elementalist)      Turns: 4514, Time: 00:12:25

Health: -1/41      AC:  7    Str: 12    XL:     8   Next: 31%
Magic:  11/16      EV: 12    Int: 18    God:
Gold:   247        SH:  0    Dex: 10    Spells: 7/17 levels left

rFire    . . .     SeeInvis .   g - +1 whip
rCold    . . .     Gourm    .   (no shield)
rNeg     + . .     Faith    .   a - +0 robe
rPois    ∞         Spirit   .   (no helmet)
rElec    +         Reflect  .   (no cloak)
rCorr    .         Harm     .   (no gloves)
MR       .....                  (no boots)
Stlth    ++........             b - amulet of magic regeneration
HPRegen  0.13/turn              (no ring)
MPRegen  0.40/turn              i - ring of flight {+Fly, !d}

@: very slightly contaminated
A: negative energy resistance 1, electricity resistance, unbreathing,
petrification resistance, rot immunity, AC +5
a: Evoke Flight


You were on level 6 of the Dungeon.
You were hungry.

You visited 1 branch of the dungeon, and saw 6 of its levels.

You collected 247 gold pieces.

Inventory:

Hand Weapons
 g - a +1 whip (weapon)
   (You took it off a kobold on level 1 of the Dungeon)
Armour
 a - a +0 robe (worn)
Jewellery
 b - an amulet of magic regeneration (around neck)
   (You found it on level 1 of the Dungeon)
 i - a ring of flight (right hand) {+Fly, !d}
   (You found it on level 1 of the Dungeon)
 m - an uncursed ring of ice {rC+, rF-}
   (You found it on level 5 of the Dungeon)
Wands
 l - a wand of polymorph (8)
   (You found it on level 5 of the Dungeon)
Scrolls
 o - a scroll of remove curse
Potions
 d - 2 potions of resistance {unknown}
 e - 4 potions of heal wounds
 f - a potion of berserk rage {!q}
 h - a potion of haste
 j - a potion of ambrosia {unknown}
 k - 2 potions of degeneration {!q}
 p - a potion of curing
Comestibles
 c - 7 rations


   Skills:
 - Level 1.5 Dodging
 - Level 2.1 Stealth
 + Level 5.3 Spellcasting
 + Level 6.0 Conjurations
 + Level 6.2 Fire Magic


You had 7 spell levels left.
You knew the following spells:

 Your Spells              Type           Power        Failure   Level  Hunger
a - Flame Tongue          Conj/Fire      ####.        1%          1    None
b - Throw Flame           Conj/Fire      ####..       1%          2    #......
c - Conjure Flame         Conj/Fire      ####....     3%          3    ##.....
d - Sticky Flame          Conj/Fire      ####....     10%         4    ####...

Your spell library contained the following spells:

 Spells                   Type           Power        Failure   Level  Hunger
 Fireball                 Conj/Fire      ####......   28%         5    ######.
 Inner Flame              Hex/Fire       ###.....     11%         3    ##.....


Dungeon Overview and Level Annotations

Branches:
Dungeon (6/15)
 Temple: D:4-7

Altars:
Cheibriados
Elyvilon
Sif Muna
Trog
Wu Jian

Annotations:
D:1 Terence


Innate Abilities, Weirdness & Mutations

You are resistant to torment.
Your stone body is resilient. (AC +5)
You are immune to poison.
You resist negative energy. (rN+)
You are resistant to electric shocks. (rElec)
You can survive without breathing.
You are immune to petrification.
You are immune to rotting.


Message History

Partly explored, can't reach some places.
(D) Dungeon
Where to? (Enter - D:4 @ (x,y), ? - help)
What level of the Dungeon? (default 1, ? - help)
There is a stone staircase leading down here.
You climb downwards.
You hear the sound of rushing water.
There is an entrance to a sewer on this level.
Hurry and find it before the portal rusts away!
There is a stone staircase leading up here.
Unknown command.
Unknown command.
As you read the scroll labeled NUOQAZ UCUSIPRYU, it crumbles to dust.
You hear a loud clanging noise!
It was a scroll of noise.
You hear a loud, deep croak! x2; You hear an angry hiss.
You hear a bark! x2
You hear a shout!
You hear an angry hiss.
You see here 21 sling bullets.
You see here a quarterstaff.
Key pressed, stopping explore.
Unknown command.
A wyvern zombie comes into view.
A ball python comes into view.
A jackal comes into view.
Unknown command.
Casting: Flame Tongue (safe; 1% risk of failure)
Confirm with . or Enter, or press ? or * to list all spells.
Aiming: Flame Tongue (safe; 1% risk of failure)
Press: ? - help, Shift-Dir - straight line, f - jackal
Aim: a jackal The flame tongue hits the jackal.
The jackal is almost dead.
A jackal comes into view.
Casting: Flame Tongue (safe; 1% risk of failure)
Confirm with . or Enter, or press ? or * to list all spells.
Aiming: Flame Tongue (safe; 1% risk of failure)
Press: ? - help, Shift-Dir - straight line, f/p - jackal
Aim: a jackal (almost dead)
The flame tongue hits the jackal.
You kill the jackal!
The jackal barks!
A jackal comes into view.
You see here a quarterstaff.
Casting: Flame Tongue (safe; 1% risk of failure)
Confirm with . or Enter, or press ? or * to list all spells.
Aiming: Flame Tongue (safe; 1% risk of failure)
Press: ? - help, Shift-Dir - straight line, f - jackal
Aim: a jackal The flame tongue hits the jackal.
You kill the jackal!
Casting: Flame Tongue (safe; 1% risk of failure)
Confirm with . or Enter, or press ? or * to list all spells.
Aiming: Flame Tongue (safe; 1% risk of failure)
Press: ? - help, Shift-Dir - straight line, f - wyvern zombie
Aim: a wyvern zombie The flame tongue hits the wyvern zombie.
The wyvern zombie is lightly damaged.
The wyvern zombie bites you!
The wyvern zombie bites you but does no damage.
Casting: Flame Tongue (safe; 1% risk of failure)
Confirm with . or Enter, or press ? or * to list all spells.
Aiming: Flame Tongue (safe; 1% risk of failure)
Press: ? - help, Shift-Dir - straight line, f/p - wyvern zombie
Aim: a wyvern zombie (lightly damaged)
The flame tongue hits the wyvern zombie.
The wyvern zombie is heavily damaged.
The wyvern zombie barely misses you.
Casting: Flame Tongue (safe; 1% risk of failure)
Confirm with . or Enter, or press ? or * to list all spells.
Aiming: Flame Tongue (safe; 1% risk of failure)
Press: ? - help, Shift-Dir - straight line, f/p - wyvern zombie
Aim: a wyvern zombie (heavily damaged)
The flame tongue hits the wyvern zombie.
The wyvern zombie is heavily damaged.
The wyvern zombie bites you.
Casting: Flame Tongue (safe; 1% risk of failure)
Confirm with . or Enter, or press ? or * to list all spells.
Aiming: Flame Tongue (safe; 1% risk of failure)
Press: ? - help, Shift-Dir - straight line, f/p - wyvern zombie
Aim: a wyvern zombie (heavily damaged)
The flame tongue hits the wyvern zombie.
The wyvern zombie is almost destroyed.
The wyvern zombie bites you!
Casting: Flame Tongue (safe; 1% risk of failure)
Confirm with . or Enter, or press ? or * to list all spells.
Aiming: Flame Tongue (safe; 1% risk of failure)
Press: ? - help, Shift-Dir - straight line, f/p - wyvern zombie
Aim: a wyvern zombie (almost destroyed)
The flame tongue hits the wyvern zombie.
The wyvern zombie is almost destroyed.
The wyvern zombie bites you but does no damage.
The wyvern zombie bites you!
* * * LOW HITPOINT WARNING * * *
Casting: Flame Tongue (safe; 1% risk of failure)
Confirm with . or Enter, or press ? or * to list all spells.
Aiming: Flame Tongue (safe; 1% risk of failure)
Press: ? - help, Shift-Dir - straight line, f/p - wyvern zombie
Aim: a wyvern zombie (almost destroyed)
You miscast Flame Tongue.
You are very lightly contaminated with residual magic.
Nothing appears to happen.
The wyvern zombie bites you!
You die...

. .. ...
....
####h....
#S†..S...
#h# #Z#
#@###
#.#<#
#.#.#
#.(.#
#####


You could see a wyvern zombie, a jackal and a ball python.

Vanquished Creatures
  The ghost of Pikaro the Spear-Bearer, a novice FoFi of Zin (D:4)
  Purgy (D:4)
  A phantom (D:5)
  A centaur (D:5)
  A scorpion (D:4)
  A howler monkey (D:5)
  A centaur zombie (D:5)
  A centaur skeleton (D:4)
  An iguana (D:4)
  3 worker ants
  10 adders
  An adder skeleton (D:5)
  3 worms (D:2)
  3 dart slugs
  4 leopard geckos
  2 orcs
  6 giant cockroaches
  10 hobgoblins
  7 jackals
  3 quokkas
  5 ball pythons
  8 bats
  5 frilled lizards
  7 goblins
  4 kobolds
  A leopard gecko skeleton (D:4)
  7 rats
98 creatures vanquished.

Notes
Turn   | Place    | Note
-------+----------+-------------------------------------------
     0 | D:1      | Mgcat the Gargoyle Fire Elementalist began the quest for the Orb.
     0 | D:1      | Reached XP level 1. HP: 10/10 MP: 3/3
    66 | D:1      | Reached XP level 2. HP: 14/15 MP: 1/5
    73 | D:1      | Learned a level 2 spell: Throw Flame
   249 | D:1      | Reached skill level 2 in Conjurations
   470 | D:1      | Reached XP level 3. HP: 19/19 MP: 1/6
  1108 | D:2      | Noticed Terence
  1153 | D:1      | HP: 3/19 [Terence/short sword (4)]
  1519 | D:2      | Reached XP level 4. HP: 20/24 MP: 1/8
  1556 | D:2      | Learned a level 3 spell: Conjure Flame
  2149 | D:3      | Reached skill level 3 in Spellcasting
  2321 | D:3      | Reached skill level 3 in Conjurations
  2321 | D:3      | Reached skill level 4 in Fire Magic
  2321 | D:3      | Reached XP level 5. HP: 27/28 MP: 1/9
  2547 | D:4      | Learned a level 4 spell: Sticky Flame
  2616 | D:4      | Found a deep blue altar of Sif Muna.
  2616 | D:4      | Found a bloodstained altar of Trog.
  2622 | D:4      | Found a snail-covered altar of Cheibriados.
  2635 | D:4      | Noticed Purgy
  2659 | D:4      | Killed Purgy
  2659 | D:4      | Reached XP level 6. HP: 32/32 MP: 0/11
  2703 | D:4      | Reached skill level 4 in Conjurations
  2829 | D:4      | Noticed Pikaro's ghost (novice FoFi)
  3097 | D:4      | HP: 8/32 [Pikaro's ghost (3)]
  3098 | D:4      | HP: 3/32 [Pikaro's ghost (5)]
  3099 | D:4      | Killed Pikaro's ghost
  3099 | D:4      | Reached skill level 4 in Spellcasting
  3099 | D:4      | Reached skill level 5 in Conjurations
  3099 | D:4      | Reached skill level 5 in Fire Magic
  3099 | D:4      | Reached XP level 7. HP: 3/36 MP: 0/14
  3320 | D:4      | Found a white marble altar of Elyvilon.
  3385 | D:4      | Found an ornate altar of the Wu Jian Council.
  3468 | D:5      | Entered Level 5 of the Dungeon
  3684 | D:5      | Reached skill level 5 in Spellcasting
  3684 | D:5      | Reached XP level 8. HP: 36/41 MP: 11/15
  3724 | D:5      | HP: 10/41 [centaur (2)]
  3726 | D:5      | Reached skill level 6 in Fire Magic
  4102 | D:5      | Reached skill level 6 in Conjurations
  4513 | D:6      | HP: 8/41 [wyvern zombie (7)]
  4514 | D:6      | Slain by a wyvern zombie

Vault maps used:
D:1:      scummos_arrival_gate
D:2:      uniq_terence
D:4:      old_standard_altar, gammafunk_temple_overflow_claw, st_stairs_4,
          elyvilon_altar_3, uniq_purgy
D:5:      first_ration, serial_bayou, serial_bayou_ford_a, serial_bayou_pond_c,
          serial_bayou_pond_e, serial_bayou_crossing, serial_bayou_pond_e,
          serial_bayou_lagoon_b, minmay_misc_feat_alley
D:6:      marbit_many_paths, minmay_temple_entry_overgrown,
          cheibrodos_sewer_entry_drain, basic_altar

Skill      XL: |  1  2  3  4  5  6  7  8 |
---------------+-------------------------+-----
Conjurations   | 2 3 5 6 |  6.0
Spellcasting   | 3 4 5 |  5.3
Fire Magic     | 4 5 6 |  6.2
Dodging        | |  1.5
Stealth        | |  2.1

Action                   |  1- 3 |  4- 6 |  7- 9 || total
-------------------------+-------+-------+-------++-------
Melee: Unarmed           |     5 |       |       ||     5
       Whip              |     6 |     5 |    46 ||    57
 Cast: Flame Tongue      |    66 |    70 |    43 ||   179
       Throw Flame       |    32 |    37 |    17 ||    86
       Conjure Flame     |       |     4 |       ||     4
       Sticky Flame      |       |       |     2 ||     2
  Use: Scroll            |     2 |     1 |     9 ||    12
       Potion            |     1 |       |       ||     1
  Eat: Chunk             |     5 |     6 |     5 ||    16
Armor: Robe              |    11 |    13 |    22 ||    46
Dodge: Dodged            |    29 |    34 |    33 ||    96

Table legend:
 A = Spawn XP
 B = Non-spawn XP
 C = Spawn XP percentage of total XP
 D = Spawn monster count
 E = Non-spawn monster count
 F = Spawn count percentage of total count
 G = Total turns spent on level
                    A         B        C        D         E        F      G
               +---------+---------+-------+---------+---------+-------+---------
         Total |       0 |    1568 |   0.0 |       0 |      98 |   0.0 |  4514
               +---------+---------+-------+---------+---------+-------+---------
           D:1 |       0 |      41 |   0.0 |       0 |      28 |   0.0 |  1071
           D:2 |       0 |      84 |   0.0 |       0 |      27 |   0.0 |   975
           D:3 |       0 |      95 |   0.0 |       0 |      14 |   0.0 |   658
           D:4 |       0 |     926 |   0.0 |       0 |      13 |   0.0 |   826
           D:5 |       0 |     418 |   0.0 |       0 |      14 |   0.0 |   965
           D:6 |       0 |       4 |   0.0 |       0 |       2 |   0.0 |    19
               +---------+---------+-------+---------+---------+-------+---------

Vault maps used:
D:1:      scummos_arrival_gate
D:2:      uniq_terence
D:4:      old_standard_altar, gammafunk_temple_overflow_claw, st_stairs_4,
          elyvilon_altar_3, uniq_purgy
D:5:      first_ration, serial_bayou, serial_bayou_ford_a, serial_bayou_pond_c,
          serial_bayou_pond_e, serial_bayou_crossing, serial_bayou_pond_e,
          serial_bayou_lagoon_b, minmay_misc_feat_alley
D:6:      marbit_many_paths, minmay_temple_entry_overgrown,
          cheibrodos_sewer_entry_drain, basic_altar

Table legend:
 A = Turns spent in this place as a percentage of turns spent in the entire game.
 B = Non-inter-level travel turns spent in this place as a percentage of non-inter-level travel turns spent in the entire game.
 C = Inter-level travel turns spent in this place as a percentage of turns spent in this place.
 D = Turns resting spent in this place as a percentage of non-inter-level travel turns spent in this place.
 E = Turns spent auto-exploring this place as a percentage of non-inter-level travel turns spent in this place.
 F = Non-inter-level travel turns spent in this place divided by the number of levels of this place that you've seen.
                   A       B       C       D       E      F
               +-------+-------+-------+-------+-------+----------------------
         Total | 100.0 | 100.0 |   3.8 |   3.2 |  75.7 | 723.7
       Dungeon | 100.0 | 100.0 |   3.8 |   3.2 |  75.7 | 723.7
               +-------+-------+-------+-------+-------+----------------------

Table legend:
 A = Kills in this place as a percentage of kills in entire the game.
 B = Kills by you in this place as a percentage of kills by you in the entire game.
 C = Kills by friends in this place as a percentage of kills by friends in the entire game.
 D = Other kills in this place as a percentage of other kills in the entire game.
 E = Experience gained in this place as a percentage of experience gained in the entire game.
 F = Experience gained in this place divided by the number of levels of this place that you have seen.
                   A       B       C       D       E      F
               +-------+-------+-------+-------+-------+----------------------
         Total | 100.0 | 100.0 |   N/A |   N/A | 100.0 | 261.3
       Dungeon | 100.0 | 100.0 |   N/A |   N/A | 100.0 | 261.3
               +-------+-------+-------+-------+-------+----------------------
